 Dungeon Crawl Stone Soup version 0.22.1-1-ga44c0e56f4 (webtiles) character file.

734 Sephral the Chopper (level 7, -3/64 HPs)
             Began as a Deep Dwarf Fighter on Sept 28, 2018.
             Slain by an ogre
             ... wielding a +0 giant club
              (20 damage)
             ... on level 4 of the Dungeon.
             The game lasted 00:34:23 (3521 turns).

Sephral the Chopper (Deep Dwarf Fighter)            Turns: 3521, Time: 00:34:24

Health: -3/64      AC: 10    Str: 22    XL:     7   Next: 45%
Magic:  5/5        EV:  4    Int:  8    God:
Gold:   171        SH: 15    Dex: 12    Spells: 6/6 levels left

rFire    . . .     SeeInvis .   a - +0 war axe
rCold    . . .     Gourm    .   u - +0 large shield
rNeg     . . .     Faith    .   m - +0 chain mail
rPois    .         Spirit   .   x - +1 hat
rElec    .         Reflect  .   (no cloak)
rCorr    .         Harm     .   (no gloves)
MR       +....                  (no boots)
Stlth    ..........             (no amulet)
HPRegen  0.00/turn              (no ring)
MPRegen  0.09/turn              (no ring)

@: lethally poisoned (-3 -> -3), non-regenerating
A: damage resistance, heal wounds, sense surroundings 1, no regeneration
a: Heal Wounds


You were on level 4 of the Dungeon.
You were not hungry.

You visited 1 branch of the dungeon, and saw 4 of its levels.

You collected 171 gold pieces.

Inventory:

Hand Weapons
 a - a +0 war axe (weapon)
 g - a +3 dire flail of protection
 q - a +0 hand axe
 r - a +0 mace
 z - a +0 hand axe
Missiles
 e - 107 stones (quivered)
Armour
 b - a +0 scale mail
 c - a +0 shield
 m - a +0 chain mail (worn)
 u - a +0 large shield (worn)
 x - a +1 hat (worn)
Scrolls
 i - 3 scrolls of identify {unknown}
 k - a scroll of random uselessness {unknown}
 l - a scroll of magic mapping
 t - 3 scrolls of remove curse
 w - 4 scrolls of teleportation
 y - a scroll of enchant armour {unknown}
Potions
 d - a potion of might
 h - a potion of lignification {unknown}
 j - a potion of curing {unknown}
 n - a potion of invisibility {unknown}
 o - a potion of degeneration {unknown}
 p - 3 potions of heal wounds {unknown}
 s - a potion of resistance {unknown}
 v - a potion of haste {unknown}
Comestibles
 f - 5 rations


   Skills:
 + Level 4.0 Fighting
 + Level 5.8 Axes
 + Level 5.0 Armour
 - Level 0.8 Dodging
 + Level 0.2 Stealth
 + Level 5.8 Shields


You had 6 spell levels left.
You didn't know any spells.
Your spell library was empty.

Dungeon Overview and Level Annotations

Branches:
Dungeon (4/15)
 Temple: D:4-7

Altars:
Cheibriados
Nemelex Xobeh
Vehumet
The Shining One

Annotations:
D:1 1
D:4 exclusion: statue


Innate Abilities, Weirdness & Mutations

You are resistant to damage.
You can heal yourself by infusing magical energy.
You passively map a small area around you.
You do not regenerate.


Message History

An orc wizard and a skeleton come into view.
The orc wizard shouts!
You block the worker ant's attack.
You see here a tomahawk.
You hit the worker ant but do no damage.
The orc wizard gestures at you while chanting.
The puff of frost hits you! You block the worker ant's attack.
You slash the worker ant!
The worker ant is heavily wounded.
A worker ant comes into view.
The worker ant waves its antennae.
The worker ant bites you.
You are poisoned.
The worker ant poisons you!
The worker ant bites you but does no damage.
An orc wizard opens the door.
The worker ant bites you.
* * * LOW HITPOINT WARNING * * *
The worker ant twitches its antennae in your direction.
You block the worker ant's attack. The ogre hits you with a giant club!!
You die...

....#...#,....#,,,,,,,*,,,,,,*
.......##*#...#,,,,,,,*,,,,,,*
....P...###...#,,,,,,,+,,,,,,*
P♣.♣♣♣PP.#....#,,,,,,,***+*******
P...P♣♣PP#>...########,,,,,,,,,,,
.>..♣.♣♣......>......#,,,,,*,****
.....P♣P..######<...(#,,,,,,,****
...#PP♣P.##....#.O.o.#,,,,,,,,,,,
......P♣..#....'@a♣.♣#*,*,*,*,***
..........#....##o.o..a..,,,,,*
######..#'#.......♣.♣.♣.♣,*,***
...........#+#*,,......a,,,,,*
...<.......#,,*,,........,,,<*
..[........#,,*,,........,,,,*
...........#,,*,,........,,,,*
#+##########***,,.....###*****
,,,* *,,,,,,,*


You could see an ogre, 2 worker ants, 2 orc wizards and an orc.

Vanquished Creatures
  Edmund (D:4)
  3 phantoms (D:4)
  An ogre (D:4)
  A hound (D:4)
  An orc priest (D:4)
  A bullfrog skeleton (D:4)
  An orc wizard (D:4)
  A worker ant (D:4)
  6 adders
  2 worms (D:2)
  A dart slug (D:2)
  2 leopard geckos (D:2)
  19 orcs
  2 giant cockroaches (D:1)
  9 goblins
  2 hobgoblins (D:3)
  5 kobolds
  A quokka (D:4)
  A ball python (D:1)
  2 bats
  3 frilled lizards
  A leopard gecko skeleton (D:4)
  A quokka zombie (D:4)
  7 rats
  A bush (D:4)
  2 fungi (D:3)
  2 plants (D:4)
79 creatures vanquished.

Notes
Turn   | Place    | Note
-------+----------+-------------------------------------------
     0 | D:1      | Sephral the Deep Dwarf Fighter began the quest for the Orb.
     0 | D:1      | Reached XP level 1. HP: 20/20 MP: 1/1
   349 | D:2      | Reached XP level 2. HP: 27/27 MP: 2/2
   373 | D:2      | Reached XP level 3. HP: 34/34 MP: 3/3
  1328 | D:3      | Found a sparkling altar of Nemelex Xobeh.
  1337 | D:3      | Found a snail-covered altar of Cheibriados.
  1422 | D:3      | Reached XP level 4. HP: 32/42 MP: 4/4
  2558 | D:4      | Noticed Edmund
  2596 | D:4      | Killed Edmund
  2596 | D:4      | Reached XP level 5. HP: 33/49 MP: 4/4
  2784 | D:4      | Noticed a phantom
  2832 | D:4      | Killed a phantom
  2832 | D:4      | Reached XP level 6. HP: 20/57 MP: 5/5
  2877 | D:4      | Found a radiant altar of Vehumet.
  2919 | D:4      | Reached skill level 5 in Shields
  2989 | D:4      | Reached skill level 5 in Axes
  3046 | D:4      | Reached XP level 7. HP: 44/63 MP: 5/5
  3228 | D:4      | Found a glowing golden altar of the Shining One.
  3378 | D:4      | Reached skill level 5 in Armour
  3521 | D:4      | Slain by an ogre

Skill      XL: |  1  2  3  4  5  6  7 |
---------------+----------------------+-----
Fighting       | 3 4 |  4.0
Axes           | 3 4 5 |  5.8
Shields        | 4 5 |  5.8
Armour         | 4 5 |  5.0
Dodging        | |  0.8
Stealth        | |  0.2

Action                   |  1- 3 |  4- 6 |  7- 9 || total
-------------------------+-------+-------+-------++-------
Melee: War axe           |    84 |   278 |    68 ||   430
Throw: Stone             |     1 |       |       ||     1
 Abil: Heal Wounds       |     1 |     5 |       ||     6
  Use: Scroll            |       |     2 |     3 ||     5
  Eat: Ration            |     1 |     1 |     1 ||     3
Armor: Scale mail        |    29 |     3 |       ||    32
       Chain mail        |       |   109 |    17 ||   126
Dodge: Dodged            |    20 |    30 |     2 ||    52
Block: Shield            |    53 |    51 |       ||   104
       Large shield      |       |   137 |    32 ||   169
